 Dungeon Crawl Stone Soup version 0.31-a0-988-g08d55dae12 (webtiles) character file.

Game seed: 10499355859725259681

91 BinkBink the Trooper (level 4, -2/29 HPs)
             Began as a Gargoyle Fighter on Nov 5, 2023.
             Slain by a gnoll sergeant
             ... wielding a +1 heavy spear
              (8 damage)
             ... on level 2 of the Dungeon.
             The game lasted 00:01:27 (1517 turns).

BinkBink the Trooper (Gargoyle Fighter)             Turns: 1517, Time: 00:01:28

Health: -2/29      AC: 10    Str: 19    XL:     4   Next: 57%
Magic:  4/4        EV:  9    Int:  9    God:
Gold:   58         SH:  4    Dex: 11    Spells: 3/3 levels left

rFire   . . .        a - +0 flail
rCold   . . .        c - +0 buckler
rNeg    + . .        b - +0 scale mail
rPois   ∞            (no helmet)
rElec   +            (no cloak)
rCorr   .            (no gloves)
SInv    .            (no boots)
Will    .....        (no amulet) Stlth
                     (no ring)
HPRegen 0.24/turn    (no ring)
MPRegen 0.09/turn

%: no passive effects
@: mighty
A: sickness immunity, AC +3, negative energy resistance 1, electricity
resistance, torment resistance 1, petrification resistance
a: no special abilities


You were on level 2 of the Dungeon.
You visited 1 branch of the dungeon, and saw 2 of its levels.

You collected 58 gold pieces.

Inventory:

Hand Weapons
 a - a +0 flail (weapon)
Armour
 b - a +0 scale mail (worn)
 c - a +0 buckler (worn)
Jewellery
 h - a ring of see invisible
Scrolls
 f - 4 scrolls of identify {unknown}
 g - a scroll of teleportation {unknown}
Potions
 e - 2 potions of curing {unknown}
 i - a potion of magic {unknown}


   Skills:
 + Level 4.0 Fighting
 + Level 2.8 Maces & Flails
 + Level 4.0 Armour
 + Level 4.0 Shields


You had 3 spell levels left.
You didn't know any spells.
Your spell library was empty.

Dungeon Overview and Level Annotations

Branches:
Dungeon (2/15)

Altars:
Fedhas


Innate Abilities, Weirdness & Mutations

You are immune to sickness and miasma.
Your stone body is resilient. (AC +3)
You are immune to poison.
You resist negative energy. (rN+)
You are resistant to electric shocks. (rElec)
You are resistant to unholy torment.
You are immune to petrification.


Message History

You kill the gnoll!
Your Shields skill increases to level 4!
You hit the gnoll.
The gnoll is lightly wounded.
You block the gnoll's attack. The gnoll sergeant barely misses you.
You hit the gnoll.
The gnoll is heavily wounded.
The gnoll barely misses you.
The gnoll sergeant hits you from afar with a +1 heavy spear.
You hit the gnoll.
The gnoll is almost dead.
The gnoll hits you but does no damage. The gnoll sergeant closely misses you.
You block the gnoll's attack.
You hit the gnoll but do no damage.
The gnoll is almost dead.
The gnoll barely misses you.
You hit the gnoll.
You kill the gnoll!
The gnoll sergeant hits you but does no damage.
Your Armour skill increases to level 4!
The gnoll sergeant hits you with a +1 heavy spear.
Things that are here:
a +0 club; a +0 halberd You hit the gnoll sergeant but do no damage.
The gnoll sergeant closely misses you.
You feel very mighty all of a sudden.
The gnoll sergeant hits you with a +1 heavy spear!
* * * LOW HITPOINT WARNING * * *
You hit the gnoll sergeant but do no damage.
You hit the gnoll sergeant but do no damage.
The gnoll sergeant completely misses you.
You barely miss the gnoll sergeant. The gnoll sergeant barely misses you.
You hit the gnoll sergeant.
The gnoll sergeant is lightly wounded.
The gnoll sergeant hits you with a +1 heavy spear.
* * * LOW HITPOINT WARNING * * *
You hit the gnoll sergeant but do no damage.
The gnoll sergeant is lightly wounded.
The gnoll sergeant hits you with a +1 heavy spear!
You die...

.#.#.# #.# #..#
#......... .#.#.# #.#
#..# #.........
.#.#.#######.# #..#
#.........
.............######..#
#.........
.....................#
##########
.....###.#######.##..#
##...... .....# #.#
#.##..# #....... .#####
### #)#<..# #...†... ##
#@#...#####....### #
#g#............#≈≈ #
#g#.#.###.#....#≈. #
##.#.#.###.#....#≈.
#..........#.####§.
.g......##.#.###)######≈.
..g.♣♣####.......#≈≈≈§≈≈.
). ##..........#≈.....8
#.....#.###.'.......


You could see a gnoll sergeant and a gnoll.

Vanquished Creatures
  3 gnolls (D:2)
  An adder (D:2)
  3 worms (D:2)
  5 ball pythons
  5 bats
  2 giant cockroaches
  5 goblins
  5 hobgoblins
  2 jackals (D:1)
  A quokka (D:1)
  3 frilled lizards
  5 kobolds
  2 rats (D:1)
42 creatures vanquished.

Notes
Turn   | Place    | Note
-------+----------+-------------------------------------------
     0 | D:1      | BinkBink the Gargoyle Fighter began the quest for the Orb.
     0 | D:1      | Reached XP level 1. HP: 14/14 MP: 1/1
   267 | D:1      | Reached XP level 2. HP: 18/19 MP: 2/2
   554 | D:1      | Reached XP level 3. HP: 24/24 MP: 3/3
  1076 | D:2      | Reached XP level 4. HP: 21/29 MP: 4/4
  1198 | D:2      | Found a blossoming altar of Fedhas.
  1500 | D:2      | Noticed a gnoll sergeant
  1517 | D:2      | Slain by a gnoll sergeant

Illustrated notes

Levels and vault maps discovered:
D:1:      dpeg_arrival_erosion, layout_basic, nicolae_figureground_sparkle
D:2:      layout_basic, basic_altar, kennysheep_minor_cross,
          minmay_splitting_lines, pf_guarded_unrand_woodcutter

Skill      XL: |  1  2  3  4 |
---------------+-------------+-----
Fighting       | 4 |  4.0
Shields        | 4 |  4.0
Armour         | 4 |  4.0
Maces & Flails | |  2.8

Action                     |  1- 3 |  4- 6 || total
---------------------------+-------+-------++-------
  Melee: Flail             |   120 |    25 ||   145
    Use: Potion            |       |     1 ||     1
 Armour: Scale mail        |   101 |    11 ||   112
  Dodge: Dodged            |    65 |    17 ||    82
  Block: Buckler           |    23 |     6 ||    29

Table legend: (Time is in decaauts)
 A = Elapsed time spent in this place.
 B = Non-inter-level travel time spent in this place.
 C = Inter-level travel time spent in this place.
 D = Time resting spent in this place.
 E = Time spent auto-exploring this place.
 F = Levels seen in this place.
 G = Mean time per level.
                   A        B        C        D        E       F      G
               +--------+--------+--------+--------+--------+-----+--------+
         Total |   1563 |   1554 |      9 |     41 |   1183 |   2 |  781.5 |
       Dungeon |   1563 |   1554 |      9 |     41 |   1183 |   2 |  781.5 |
               +--------+--------+--------+--------+--------+-----+--------+

Top non-repeatable levels by time:
     D:1: 806 daAuts
     D:2: 756 daAuts
